 Dungeon Crawl Stone Soup version 0.31-a0-37-g98a128e1d9 (webtiles) character file.

Game seed: 4301250472044644917

372 billz999 the Magician (level 7, -1/50 HPs)
             Began as a Djinni Ice Elementalist on May 15, 2023.
             Slain by a phantom (4 damage)
             ... on level 4 of the Dungeon.
             The game lasted 00:08:13 (2973 turns).

billz999 the Magician (Djinni Ice Elementalist)     Turns: 2973, Time: 00:08:14

Health: -1/50      AC:  4    Str:  7    XL:     7   Next: 2%
Gold:   199        EV: 12    Int: 19    God:
                   SH:  0    Dex: 13

rFire   + + .        b - +0 dagger
rCold   x . .        (no shield)
rNeg    . . .        a - +0 robe
rPois   ∞            q - +0 helmet
rElec   .            (no cloak)
rCorr   .            n - +0 pair of gloves
SInv    .            (boots unavailable)
Will    .....        (no amulet)
Stlth   ++           (no ring)
HPRegen 0.28/turn    (no ring)
MPRegen 0.00/turn

%: infuse magic (-2 HP)
@: flying
A: sickness immunity, fire resistance 2, cold vulnerability 1, float, innate
caster, HP casting, extra vitality 1
a: no special abilities


You were on level 4 of the Dungeon.
You visited 1 branch of the dungeon, and saw 4 of its levels.
You also visited: Sewer.

You collected 199 gold pieces.

Inventory:

Hand Weapons
 b - a +0 dagger (weapon)
Missiles
 f - 2 poisoned darts
Armour
 a - a +0 robe (worn)
 n - a +0 pair of gloves (worn)
 q - a +0 helmet (worn)
Scrolls
 g - a scroll of fog
 k - a scroll of fear
 p - 2 scrolls of amnesia {unknown}
 r - a scroll of silence {unknown}
 s - a scroll of noise {unknown}
 u - a scroll of identify
Potions
 c - 2 potions of curing {unknown}
 d - 3 potions of berserk rage
 e - a potion of degeneration {unknown}
 h - a potion of ambrosia {unknown}
 i - 3 potions of cancellation {unknown}
 j - a potion of resistance {unknown}
 l - a potion of lignification {unknown}
 m - a potion of might {unknown}
 o - a potion of brilliance {unknown}
 t - a potion of invisibility {unknown}


   Skills:
 - Level 3.4 Fighting
 - Level 2.1 Dodging
 - Level 1.5 Stealth
 + Level 5.3 Spellcasting


You knew the following spells:

 Your Spells              Type           Power      Damage    Failure   Level
a - Freeze                Ice            100%       1d10      1%          1
b - Frozen Ramparts       Ice            50%        1d8       4%          3
c - Ozocubu's Armour      Ice            25%        N/A       4%          3
d - Summon Ice Beast      Ice/Summ       25%        N/A       13%         4
e - Summon Small Mammal   Summ           100%       N/A       1%          1
f - Passwall              Tmut/Erth      20%        N/A       1%          2
g - Teleport Other        Tloc           25%        N/A       4%          3
Your spell library was empty.

Dungeon Overview and Level Annotations

Branches:
Dungeon (4/15)              Sewer (visited)
 Temple: D:4-7

Altars:
Xom

Shops:
D:2 [

Annotations:
D:3 Grinder


Innate Abilities, Weirdness & Mutations

You are immune to sickness and miasma.
You are immune to poison.
Your flesh is very heat resistant. (rF++)
You are vulnerable to cold. (rC-)
You float through the air rather than walking.
You learn spells naturally, not from books.
Your magical power is your life essence.
You have superior vitality. (+4 MHP)


Message History

The phantom hits you.
* * * LOW HITPOINT WARNING * * *
The phantom blinks!
You blink.
Casting: Freeze (safe; 1% risk of failure)
Confirm with . or Enter, or press ? or * to list all spells.
Aiming: Freeze (safe; 1% risk of failure)
Press: ? - help, Shift-Dir - straight line, f/p - phantom
Aim: a phantom (almost destroyed, ally target)
You freeze the phantom.
The phantom resists.
The phantom is almost destroyed.
* * * LOW HITPOINT WARNING * * *
The phantom misses you.
Casting: Freeze (safe; 1% risk of failure)
Confirm with . or Enter, or press ? or * to list all spells.
Aiming: Freeze (safe; 1% risk of failure)
Press: ? - help, Shift-Dir - straight line, f/p - phantom
Aim: a phantom (almost destroyed, ally target)
You freeze the phantom but do no damage.
The phantom completely resists.
* * * LOW HITPOINT WARNING * * *
The phantom hits you.
* * * LOW HITPOINT WARNING * * *
The phantom blinks!
You blink.
You aren't carrying any items that you can evoke.
You closely miss the phantom.
The phantom is almost destroyed.
The phantom completely misses you.
Your ice beast hits the phantom but does no damage.
You hit the phantom.
The phantom is almost destroyed.
The phantom hits you but does no damage.
Your ice beast hits the phantom but does no damage.
You hit the phantom but do no damage.
The phantom is almost destroyed.
Your ice beast disappears in a puff of smoke!
The phantom barely misses you.
You hit the phantom.
The phantom is almost destroyed.
The phantom hits you.
You die...

#.........>......######..
#......#########.# #....
#.....##########.####....
#####...<......#.......##
##............#......#
#................#####
#................#
#................#
#.....@§......<.##
#.....W...........
##............#.....
##...........#.....
#.####".....#..... #.
.......# .S.. #.
##......# # #....[.#
#...?..#


You could see a phantom.

Vanquished Creatures
  A water moccasin (Sewer)
  A scorpion (D:3)
  An iguana (D:4)
  An orc wizard (D:4)
  4 adders
  3 gnolls (D:4)
  A worm (D:2)
  A dart slug (D:1)
  10 orcs
  5 ball pythons
  3 endoplasms (D:1)
  6 giant cockroaches
  5 goblins
  6 hobgoblins
  8 kobolds
  2 quokkas
  12 bats
  2 frilled lizards
  2 rats
74 creatures vanquished.

Vanquished Creatures (collateral kills)
  A worm (D:4)
1 creature vanquished.

Grand Total: 75 creatures vanquished

Notes
Turn   | Place    | Note
-------+----------+-------------------------------------------
     0 | D:1      | billz999 the Djinni Ice Elementalist began the quest for
                  | the Orb.
     0 | D:1      | billz999 set off with the following spells memorised:
                  | Freeze, Frozen Ramparts, Ozocubu's Armour, Summon Ice
                  | Beast.
     0 | D:1      | Reached XP level 1. HP: 15/15 MP: 0/0
    65 | D:1      | Reached skill level 1 in Fighting
   208 | D:1      | Reached XP level 2. HP: 12/22 MP: 0/0
   214 | D:1      | HP: 1/23 [hobgoblin (3)]
   346 | D:1      | Found a faded altar of an unknown god.
   653 | D:1      | Reached XP level 3. HP: 27/29 MP: 0/0
   653 | D:1      | Learned a level 1 spell: Summon Small Mammal
  1006 | D:2      | Found a shimmering altar of Xom.
  1146 | D:2      | Found Pojenaag's Antique Armour Boutique.
  1361 | D:2      | Reached XP level 4. HP: 35/35 MP: 0/0
  2063 | D:3      | Found a glowing drain.
  2074 | Sewer    | Entered a sewer
  2160 | Sewer    | Noticed a water moccasin
  2172 | Sewer    | Killed a water moccasin
  2173 | Sewer    | Reached skill level 4 in Spellcasting
  2173 | Sewer    | Reached XP level 5. HP: 25/40 MP: 0/0
  2173 | Sewer    | Learned a level 2 spell: Passwall
  2367 | D:3      | Noticed Grinder
  2436 | D:4      | Reached XP level 6. HP: 28/46 MP: 0/0
  2629 | D:4      | Reached skill level 5 in Spellcasting
  2829 | D:4      | Reached XP level 7. HP: 22/50 MP: 0/0
  2829 | D:4      | Learned a level 3 spell: Teleport Other
  2969 | D:4      | HP: 2/50 [phantom (1)]
  2973 | D:4      | Slain by a phantom

Illustrated notes

Levels and vault maps discovered:
D:1:      wander_arrival_abandoned_jail, layout_basic,
          chequers_ecumenical_altar_simple, serial_forest,
          infiniplex_forest_clump_long, infiniplex_forest_end_2,
          infiniplex_forest_zigzag_1, infiniplex_forest_zigzag_1,
          infiniplex_forest_lined_room_3, infiniplex_forest_clump_diagonal,
          infiniplex_forest_straight_2, infiniplex_forest_lined_room_2
D:2:      layout_basic, basic_altar, serial_shops,
          nicolae_shop_competitors_out_of_business, corner_web_ring
D:3:      layout_loops_ring, portal_sewer_entry_d, minmay_misc_feat_roman,
          kennysheep_crisscross, uniq_grinder
D:4:      layout_rooms

Skill      XL: |  1  2  3  4  5  6 |
---------------+-------------------+-----
Fighting       | 1 2 3 |  3.4
Spellcasting   | 4 5 |  5.3
Dodging        | |  2.1
Stealth        | |  1.5

Action                     |  1- 3 |  4- 6 |  7- 9 || total
---------------------------+-------+-------+-------++-------
  Melee: Unarmed           |     1 |       |       ||     1
         Dagger            |    14 |    15 |     9 ||    38
   Cast: Freeze            |    47 |    58 |    19 ||   124
         Frozen Ramparts   |     2 |    14 |     1 ||    17
         Ozocubu's Armour  |       |     2 |     1 ||     3
         Summon Small Mamm |       |     1 |       ||     1
         Summon Ice Beast  |       |       |     1 ||     1
    Use: Scroll            |       |     2 |       ||     2
   Stab: Sleeping          |     5 |     2 |       ||     7
 Armour: Robe              |     8 |    28 |     8 ||    44
  Dodge: Dodged            |    29 |    58 |    11 ||    98

Table legend: (Time is in decaauts)
 A = Elapsed time spent in this place.
 B = Non-inter-level travel time spent in this place.
 C = Inter-level travel time spent in this place.
 D = Time resting spent in this place.
 E = Time spent auto-exploring this place.
 F = Levels seen in this place.
 G = Mean time per level.
                   A        B        C        D        E       F      G
               +--------+--------+--------+--------+--------+-----+--------+
         Total |   2972 |   2915 |     57 |    254 |   2100 |   5 |  594.4 |
       Dungeon |   2777 |   2720 |     57 |    228 |   1982 |   4 |  694.2 |
         Sewer |    194 |    194 |      0 |     26 |    118 |   1 |  194.0 |
               +--------+--------+--------+--------+--------+-----+--------+

Top non-repeatable levels by time:
     D:2: 945 daAuts
     D:1: 874 daAuts
     D:3: 555 daAuts
     D:4: 402 daAuts
   Sewer: 194 daAuts
